 Dungeon Crawl Stone Soup version 0.18.1-6-gd335043 (webtiles) character file.

25352 Gingerlord the Corrupter of Planes (level 13, -6/104 HPs)
             Began as a Formicid Abyssal Knight on May 17, 2016.
             Was the Champion of Lugonu.
             Mangled by a freezing wraith (20 damage)
             ... in an ice cave.
             The game lasted 00:42:30 (16728 turns).

Gingerlord the Corrupter of Planes (FoAK)          Turns: 16728, Time: 00:42:32

Health: -6/104     AC: 24    Str: 19    XL:     13   Next: 49%
Magic:  21/21      EV: 12    Int: 15    God:    Lugonu [******]
Gold:   620        SH: 12    Dex: 14    Spells: 0 memorised, 12 levels left

rFire  + + +     SeeInvis +     m - +1 great sword (flame)
rCold  . . .     Gourm    .     n - +1 chain mail "Testretaps" {-Tele rF+++ Regen+ Int+4}
rNeg   . . .     Faith    +     r - +0 shield
rPois  .         Spirit   .     (helmet unavailable)
rElec  .         Dismiss  .     E - +0 cloak
rCorr  +         Reflect  .     y - +1 pair of gloves
SustAt .         Harm     .     x - +2 pair of boots
MR     +....                    H - amulet of faith (curse)
Stlth  ..........               L - +5 ring of protection
                                v - ring of resist corrosion

@: somewhat resistant to hostile enchantments, extremely unstealthy
A: permanent stasis, dig shafts and tunnels, four strong arms, antennae 3
a: Dig, Shaft Self, Depart the Abyss, Bend Space, Banish, Corrupt, Enter the
Abyss, Brand Weapon With Distortion, Renounce Religion


You were in an ice cave.
You worshipped Lugonu.
Lugonu was exalted by your worship.
You were hungry.

You visited 2 branches of the dungeon, and saw 15 of its levels.
You visited the Abyss 1 time.
You also visited: Labyrinth, Ossuary, Ice Cave and Volcano.

You collected 832 gold pieces.
You spent 212 gold pieces at shops.

Inventory:

Hand Weapons
 m - a +1 great sword of flaming (weapon)
Armour
 n - the +1 chain mail "Testretaps" (worn) {-Tele rF+++ Regen+ Int+4}
   (You found it on level 8 of the Dungeon)

   It affects your intelligence (+4).
   It renders you almost immune to fire.
   It prevents most forms of teleportation.
   It increases your rate of regeneration.
 r - a +0 shield (worn)
 x - a +2 pair of boots (worn)
 y - a +1 pair of gloves (worn)
 E - a +0 cloak (worn)
Rods
 s - a -2 lightning rod (9/9)
   (You found it on level 2 of the Lair of Beasts)
Jewellery
 b - an uncursed ring of protection from fire
 v - a ring of resist corrosion (left hand)
 D - an uncursed ring of flight
 H - a cursed amulet of faith (around neck)
 L - a +5 ring of protection (right hand)
Scrolls
 e - a scroll of recharging
 g - 4 scrolls of enchant weapon
 o - 5 scrolls of remove curse
 t - 2 scrolls of fear
 z - a scroll of amnesia
 K - a scroll of silence
Potions
 a - a potion of magic
 d - 2 potions of agility
 f - 4 potions of curing
 h - 7 potions of flight
 i - a potion of heal wounds
 j - 3 potions of lignification
 l - 4 potions of brilliance
 p - a potion of cancellation
 q - a potion of cure mutation
 A - a potion of resistance
 F - a potion of ambrosia
 G - a potion of might
 I - a potion of degeneration {unknown}
Comestibles
 c - 5 bread rations
 k - 19 fruits
 B - 5 meat rations


   Skills:
 + Level 10.3 Fighting
 + Level 9.2 Long Blades
 + Level 9.9 Armour
 + Level 8.3 Dodging
 + Level 11.0 Shields
 + Level 11.2 Invocations


You had 12 spell levels left.
You didn't know any spells.

Dungeon Overview and Level Annotations

Branches:
Dungeon (10/15)            Temple (0/1) D:6            Lair (5/8) D:8
 Shoals (0/4) Lair:3          Orc (0/2) D:9
  Snake: Lair:3-6    Spider: Lair:3-6

Altars:
Cheibriados
Fedhas
Gozag
Sif Muna
Trog
Vehumet
Xom
The Shining One

Shops:
D:4 =!!**

Annotations:
D:7 Prince Ribbit
Lair:2 exclusion: ice statue
Abyss:1 Nergalle, Sigmund


Innate Abilities, Weirdness & Mutations

You are under a permanent stasis effect.
You can dig through walls and to a lower floor.
Your four strong arms can wield two-handed weapons with a shield.
You have a pair of large antennae on your head (SInv).


Message History

The freezing wraith hits you but does no damage. x3
You block the freezing wraith's attack.
Unknown command.
You hit the freezing wraith. You burn the freezing wraith.
The freezing wraith is heavily damaged.
You block the freezing wraith's attack. The freezing wraith hits you.
The freezing wraith hits you! The freezing wraith freezes you!!
* * * LOW HITPOINT WARNING * * *
The freezing wraith barely misses you. You block the freezing wraith's attack.
The freezing wraith barely misses you.
You are too injured to fight recklessly!
Unknown command.
Unknown command.
You slash the freezing wraith! You burn the freezing wraith.
You destroy the freezing wraith!
Lugonu accepts your kill. The freezing wraith hits you!
* * * LOW HITPOINT WARNING * * *
The freezing wraith freezes you!!
You die...

# ## .## .##
...# ..##
..## ...##
...### {
....####
#...## {{
.......##
#W..# {
.###....##
###@.# ##
###...#
##....# ##..#
##....##
#...###...###
##..###...##
##..###...##
##..###...##
#.......###
##....###


You could see a freezing wraith.

Vanquished Creatures
  A minotaur (Lab)
  2 hydras
  Urug (Volcano)
  A griffon (Lair:3)
  5 elephants (Lair:4)
  Maurice (D:8)
  Psyche (D:8)
  4 spiny frogs
  3 freezing wraiths (IceCv)
  2 komodo dragons
  2 polar bears (Lair:2)
  11 blink frogs
  A snapping turtle (Lair:3)
  22 yaks
  5 hippogriffs
  A basilisk (Lair:2)
  Grum (D:8)
  A steam dragon (D:9)
  6 water moccasins
  2 hell hounds (D:8)
  8 porcupines
  2 sky beasts
  14 ice beasts
  A black bear (D:7)
  6 orc warriors
  3 phantoms
  6 ogres
  3 wolves (D:8)
  2 centaurs (D:6)
  6 crocodiles
  An elf zombie (Ossuary)
  6 big kobolds
  11 giant frogs
  4 gnoll sergeants
  A scorpion (D:9)
  3 killer bees (D:8)
  A jelly (D:5)
  4 howler monkeys
  2 lava snakes (Volcano)
  2 centaur zombies
  A crimson imp (D:9)
  A giant frog skeleton (D:5)
  2 giant frog zombies
  7 orc priests
  A centaur skeleton (D:6)
  5 hounds
  9 iguanas
  11 orc wizards
  6 worker ants
  5 hell rats (Lair:4)
  3 polar bear simulacra (IceCv)
  A wolf simulacrum (IceCv)
  2 big kobold zombies (Ossuary)
  11 sheep (Lair:4)
  A hound zombie (D:8)
  A hound skeleton (D:4)
  2 mummies (Ossuary)
  13 gnolls
  A worker ant zombie (D:7)
  A howler monkey skeleton (D:6)
  21 river rats
  9 adders
  3 shadow imps
  7 white imps
  An adder skeleton (D:8)
  4 adder zombies
  A worm (D:3)
  2 dart slugs
  3 giant geckos
  48 orcs
  5 bats
  8 giant cockroaches
  5 goblins
  11 hobgoblins
  3 jackals (D:3)
  4 quokkas
  6 giant newts
  2 goblin zombies (Ossuary)
  9 hobgoblin zombies (Ossuary)
  22 kobolds
  8 kobold zombies (Ossuary)
  8 orc zombies (Ossuary)
  6 rats
  2 rat zombies (Ossuary)
441 creatures vanquished.

Vanquished Creatures (others)
  A hill giant (D:9)
  A black mamba (Lair:1)
  2 trolls
  An ice beast (D:4)
  An ogre (D:4)
  A worker ant (D:4)
  A fungus (Lair:4)
8 creatures vanquished.

Grand Total: 449 creatures vanquished

Notes
Turn   | Place    | Note
--------------------------------------------------------------
     0 | Abyss:1  | Gingerlord the Formicid Abyssal Knight began the quest for the Orb.
     0 | Abyss:1  | Reached XP level 1. HP: 18/18 MP: 2/2
    67 | Abyss:1  | Noticed a great orb of eyes
    69 | D:1      | Escaped the Abyss
   102 | D:1      | Reached * piety under Lugonu
   123 | D:1      | Reached XP level 2. HP: 6/24 MP: 3/3
   832 | D:2      | Reached XP level 3. HP: 27/29 MP: 5/5
  1009 | D:2      | Reached ** piety under Lugonu
  1144 | D:2      | Reached skill level 1 in Dodging
  1144 | D:2      | Reached skill level 1 in Shields
  1144 | D:2      | Reached XP level 4. HP: 25/37 MP: 6/6
  1689 | D:3      | Found a radiant altar of Vehumet.
  1692 | D:3      | Found a snail-covered altar of Cheibriados.
  1695 | D:3      | Found a shimmering altar of Xom.
  2153 | D:3      | Reached XP level 5. HP: 33/42 MP: 7/7
  2397 | D:3      | Found a glowing golden altar of the Shining One.
  2397 | D:3      | Found a blossoming altar of Fedhas.
  2502 | D:4      | Reached XP level 6. HP: 11/48 MP: 8/8
  2627 | D:4      | Noticed Sigmund
  2826 | D:4      | Found Mynuphue's Distillery.
  2833 | D:4      | Noticed a phantom
  2845 | D:4      | Noticed an ice beast
  2863 | D:4      | Found a sand-covered staircase.
  2870 | Ossuary  | Entered an ossuary
  2963 | Ossuary  | Reached *** piety under Lugonu
  3177 | Ossuary  | Reached XP level 7. HP: 50/55 MP: 10/10
  3308 | Ossuary  | Gained mutation: You are weak. (Str -2) [potion of mutation]
  3308 | Ossuary  | Gained mutation: You are dopey. (Int -2) [potion of mutation]
  3308 | Ossuary  | Gained mutation: You are resistant to electric shocks. [potion of mutation]
  3331 | D:4      | Reached **** piety under Lugonu
  3421 | D:4      | Banished Sigmund
  3689 | D:4      | Reached skill level 5 in Fighting
  3775 | D:4      | Found Beerasche's Distillery.
  3784 | D:4      | Bought a potion of heal wounds for 60 gold pieces
  3809 | D:4      | Found Niphobb's Assorted Antiques.
  3882 | D:4      | Found a deep blue altar of Sif Muna.
  3917 | D:4      | Reached XP level 8. HP: 62/62 MP: 11/11
  3980 | D:4      | Reached skill level 5 in Invocations
  3992 | D:4      | Bought a potion of might for 40 gold pieces
  3996 | D:4      | Found a bloodstained altar of Trog.
  4033 | D:4      | Found Ovopor's Assorted Antiques.
  4041 | D:4      | Bought a shield for 112 gold pieces
  4222 | D:4      | Found Seuhaoqo's Jewellery Shop.
  4653 | D:5      | Entered Level 5 of the Dungeon
  5254 | D:5      | Reached skill level 5 in Armour
  5679 | D:6      | Reached XP level 9. HP: 45/69 MP: 13/13
  5704 | D:5      | Reached skill level 5 in Shields
  6586 | D:6      | Found a staircase to the Ecumenical Temple.
  6707 | D:6      | Found an opulent altar of Gozag.
  6733 | D:6      | Reached skill level 5 in Long Blades
  7560 | D:7      | Got a heavily runed chain mail
  7571 | D:7      | Identified the cursed +1 chain mail "Veobbon" {rN+ Int-2 Dex+3} (You found it on level 7 of the Dungeon)
  8024 | D:7      | Noticed Prince Ribbit
  8230 | D:8      | Found a staircase to the Lair.
  8244 | D:8      | Reached XP level 10. HP: 77/77 MP: 15/15
  8277 | D:8      | Got an ichor-stained chain mail
  8289 | D:8      | Identified the +1 chain mail "Testretaps" {-Tele rF+++ Regen+ Int+4} (You found it on level 8 of the Dungeon)
  8495 | D:8      | Noticed Grum
  8525 | D:8      | Killed Grum
  8749 | D:8      | Noticed Maurice
  8780 | D:8      | Killed Maurice
  8780 | D:8      | Reached ***** piety under Lugonu
  8780 | D:8      | Reached skill level 5 in Dodging
  9882 | D:10     | Entered Level 10 of the Dungeon
  9882 | D:10     | Noticed Nergalle
  9882 | D:10     | Noticed a hill giant
 10173 | D:9      | Reached XP level 11. HP: 82/86 MP: 17/17
 10194 | D:9      | Noticed Psyche
 10238 | D:8      | Killed Psyche
 10270 | D:8      | Lost mutation: You are weak. (Str -2) [potion of cure mutation]
 10270 | D:8      | Lost mutation: You are dopey. (Int -2) [potion of cure mutation]
 10270 | D:8      | Lost mutation: You are resistant to electric shocks. [potion of cure mutation]
 11237 | D:9      | Found a staircase to the Orcish Mines.
 11651 | D:9      | Banished a hill giant
 11652 | D:9      | Banished Nergalle
 11883 | Lair:1   | Entered Level 1 of the Lair of Beasts
 13139 | Lair:2   | Found a dark tunnel.
 13149 | Volcano  | Entered a volcano
 13247 | Volcano  | Noticed a firespitter statue
 13248 | Volcano  | Noticed a firespitter statue
 13251 | Volcano  | Noticed a firespitter statue
 13254 | Volcano  | Noticed a firespitter statue
 13255 | Volcano  | Noticed a firespitter statue
 13260 | Volcano  | Found a burning altar of Makhleb.
 13260 | Volcano  | Noticed Urug
 13295 | Volcano  | Killed Urug
 13444 | Lair:2   | Reached XP level 12. HP: 78/94 MP: 19/19
 13867 | Lair:2   | Noticed an ice dragon
 13957 | Lair:2   | Reached skill level 10 in Invocations
 14473 | Lair:3   | Noticed a four-headed hydra
 14479 | Lair:3   | Killed a one-headed hydra
 14566 | Lair:3   | Found a staircase to the Shoals.
 14586 | Lair:3   | Reached skill level 10 in Shields
 14921 | Lair:3   | Reached ****** piety under Lugonu
 15020 | Lair:4   | Found a labyrinth entrance.
 15029 | Lab      | Entered a labyrinth
 15131 | Lab      | Noticed a minotaur
 15146 | Lab      | Killed a minotaur
 15456 | Lair:4   | Reached XP level 13. HP: 59/103 MP: 20/20
 15780 | Lair:4   | Reached skill level 10 in Fighting
 15982 | Lair:4   | Noticed a seven-headed hydra
 15994 | Lair:4   | Killed a four-headed hydra
 16447 | Lair:5   | Found a frozen archway.
 16472 | IceCv    | Entered an ice cave
 16728 | IceCv    | Mangled by a freezing wraith

Skill      XL: |  1  2  3  4  5  6  7  8  9 10 11 12 13 |
---------------+----------------------------------------+-----
Invocations    | 3 4 6 7 8 9 10 11 | 11.2
Dodging        | 1 2 3 4 5 6 7 8 |  8.3
Shields        | 1 2 3 4 6 7 9 10 11 | 11.0
Fighting       | 4 5 6 7 8 9 10 | 10.3
Armour         | 3 4 5 6 7 8 9 |  9.9
Long Blades    | 3 4 5 6 7 8 9 |  9.2

Action                   |  1- 3 |  4- 6 |  7- 9 | 10-12 | 13-15 || total
-------------------------+-------+-------+-------+-------+-------++-------
Melee: Falchion          |   123 |   278 |   701 |   297 |       ||  1399
       Long sword        |       |       |       |   760 |       ||   760
       Great sword       |       |       |       |   313 |   247 ||   560
Invok: Depart the Abyss  |     1 |       |       |       |       ||     1
       Banish            |       |       |     5 |     7 |       ||    12
       Bend Space        |       |       |     2 |       |       ||     2
 Abil: Dig               |       |     4 |     3 |    10 |     1 ||    18
  Use: Potion            |       |     3 |     1 |     5 |       ||     9
       Scroll            |       |     7 |     7 |    15 |     1 ||    30
  Eat: Chunk             |     1 |     5 |     8 |    16 |     4 ||    34
       Beef jerky        |       |     1 |       |       |       ||     1
       Bread ration      |       |       |     2 |     2 |       ||     4
       Pizza             |       |       |     1 |     2 |       ||     3
       Royal jelly       |       |       |     1 |       |       ||     1
       Fruit             |       |       |       |     2 |       ||     2
Armor: Ring mail         |    48 |    15 |       |       |       ||    63
       Plate armour      |       |   153 |   346 |       |       ||   499
       Chain mail        |       |       |    51 |   646 |   160 ||   857
Dodge: Dodged            |    58 |    70 |   128 |   480 |   124 ||   860
Block: Buckler           |    14 |    39 |    21 |       |       ||    74
       Shield            |       |       |   218 |   847 |   204 ||  1269
